 Dungeon Crawl Stone Soup version 0.29.1-1-gd02db6906a (webtiles) character file.

Game seed: 13631765703454748775

2167 virigoth the Geomancer (level 9, -4/49 HPs)
             Began as a Gargoyle Earth Elementalist on Sept 19, 2022.
             Was a Follower of Vehumet.
             Slain by Maggie
             ... wielding a +1 long sword of draining
              (8 damage)
             ... on level 7 of the Dungeon on Sept 20, 2022.
             The game lasted 00:33:55 (5282 turns).

virigoth the Geomancer (GrEE)                       Turns: 5282, Time: 00:33:56

Health: -4/49      AC: 11    Str: 12    XL:     9   Next: 32%
Magic:  2/18       EV: 12    Int: 20    God:    Vehumet [*.....]
Gold:   233        SH:  0    Dex: 10    Spells: 17/21 levels left

rFire   . . .      SeeInvis .   C - +2 dire flail
rCold   . . .      Faith    .   (shield currently unavailable)
rNeg    + . .      Spirit   .   D - +1 robe {Will+}
rPois   ∞          Reflect  .   (no helmet)
rElec   +          Harm     .   m - +0 cloak
rCorr   .          Rampage  .   (no gloves)
Will    +....                   p - +0 pair of boots
Stlth   ++........              j - amulet of regeneration
HPRegen 0.96/turn               B - ring of flight
MPRegen 0.16/turn               (no ring)

@: brilliant, about to teleport, flying
A: sickness immunity, AC +6, negative energy resistance 1, electricity
resistance, torment resistance 1, petrification resistance
a: Renounce Religion


You were on level 7 of the Dungeon.
You worshipped Vehumet.
Vehumet was aware of your devotion.
You visited 2 branches of the dungeon, and saw 8 of its levels.

You collected 233 gold pieces.

Inventory:

Hand Weapons
 d - a +0 dagger of venom
 y - a +4 short sword of flaming
 A - a +2 whip of flaming
 C - a +2 dire flail (weapon)
Missiles
 x - a boomerang of dispersal
Armour
 m - a +0 cloak (worn)
 p - a +0 pair of boots (worn)
 D - a +1 robe of willpower (worn)
Jewellery
 j - an amulet of regeneration (around neck)
 r - an amulet of reflection
 B - a ring of flight (left hand)
Wands
 v - a wand of paralysis (8) (quivered)
Scrolls
 a - a scroll of enchant armour {unknown}
 e - 5 scrolls of identify
 f - 4 scrolls of teleportation
 h - a scroll of amnesia {unknown}
 i - 3 scrolls of fear {unknown}
 l - a scroll of vulnerability {unknown}
 q - a scroll of torment {unknown}
 s - a scroll of enchant weapon {unknown}
 u - 2 scrolls of immolation {unknown}
 z - a scroll of magic mapping {unknown}
Potions
 c - a potion of brilliance
 g - a potion of invisibility {unknown}
 k - 3 potions of haste
 n - 2 potions of flight {unknown}
 o - 3 potions of heal wounds {unknown}
 t - a potion of attraction {unknown}
 w - 2 potions of resistance {unknown}


   Skills:
 + Level 2.9 Fighting
 + Level 2.1 Maces & Flails
 + Level 1.5 Armour
 + Level 2.2 Dodging
 - Level 3.1 Stealth
 + Level 6.5 Spellcasting
 + Level 4.9 Conjurations
 - Level 1.0 Transmutations
 + Level 9.0 Earth Magic
 + Level 1.3 Evocations


You had 17 spell levels left.
You knew the following spells:

 Your Spells              Type           Power      Damage    Failure   Level
a - Sandblast             Erth           100%       2d20      1%          1
b - Stone Arrow           Conj/Erth      100%       3d13      1%          3

Your spell library contained the following spells:

 Spells                   Type           Power      Damage    Failure   Level
 Shock                    Conj/Air       96%        1d9       3%          1
 Passwall                 Tmut/Erth      32%        N/A       1%          2
 Petrify                  Tmut/Erth      39%        N/A       13%         4
 Scorch                   Fire           18%        2d5       16%         2
 Dragon Form              Tmut           7%         N/A       100%        7


Dungeon Overview and Level Annotations

Branches:
Dungeon (7/15)             Temple (1/1) D:5

Altars:
Ashenzari
Cheibriados
Dithmenos
Elyvilon
Fedhas
Gozag
Kikubaaqudgha
Nemelex Xobeh
Okawaru
Qazlal
Ru
Sif Muna
Trog
Uskayaw
Vehumet
Wu Jian
Xom
Yredelemnul
Zin
The Shining One

Shops:
D:1 =

Annotations:
D:7 Maggie
Temple 4 transporters


Innate Abilities, Weirdness & Mutations

You are immune to sickness and miasma.
Your stone body is resilient. (AC +6)
You are immune to poison.
You resist negative energy. (rN+)
You are resistant to electric shocks. (rElec)
You are resistant to unholy torment.
You are immune to petrification.


Message History

The bullfrog hits you but does no damage.
Maggie gestures at you while chanting. The bolt of fire misses you.
The bullfrog barely misses you.
Casting: Stone Arrow (safe; 1% risk of failure)
Confirm with . or Enter, or press ? or * to list all spells.
Aiming: Stone Arrow (safe; 1% risk of failure)
Press: ? - help, Shift-Dir - straight line, f/p - Maggie
Aim: Maggie, wielding a +1 long sword of draining and wearing +2 acid dragon scales (almost dead, mesmerising, 78% to hit)
You feel a surge of power!
The stone arrow hits Maggie but does no damage.
Maggie is almost dead.
Maggie hits you but does no damage.
The bullfrog hits you but does no damage.
Casting: Stone Arrow (safe; 1% risk of failure)
Confirm with . or Enter, or press ? or * to list all spells.
Aiming: Sandblast (safe; 1% risk of failure)
Press: ? - help, Shift-Dir - straight line, f/p - Maggie
Aim: Maggie, wielding a +1 long sword of draining and wearing +2 acid dragon scales (almost dead, mesmerising, 85% to hit)
You feel a surge of power!
The blast of sand hits Maggie.
Maggie is almost dead.
You break out of your daze.
The bullfrog hits you but does no damage.
Maggie hits you with a +1 long sword of draining.
* * * LOW HITPOINT WARNING * * *
The bullfrog swells and bulges.
The bullfrog barely misses you. Maggie gestures at you while chanting.
The bolt of fire misses you.
You closely miss Maggie.
Maggie is almost dead.
The bullfrog hits you.
* * * LOW HITPOINT WARNING * * *
The bullfrog barely misses you.
Maggie hits you with a +1 long sword of draining.
* * * LOW HITPOINT WARNING * * *
As you read the scroll of teleportation, it crumbles to dust.
You feel strangely unstable. The bullfrog hits you.
* * * LOW HITPOINT WARNING * * *
Maggie hits you with a +1 long sword of draining!
You die...

...........#
....:...... #
##....#.....
##.#...........
.^.............
..........)....
...............
.......@.......
......@F.....#.
.#.............
##.........###
.........$.#
..#.........# .
#.....##.##
##.<### ..


You could see Maggie and a bullfrog.

Vanquished Creatures
  Pikel (D:4)
  2 ogres
  2 phantoms
  Blork the orc (D:6)
  A bullfrog (D:5)
  A necrophage (D:5)
  3 scorpions
  9 wights
  4 jellies
  3 hounds (D:4)
  An orc priest (D:3)
  An orc wizard (D:3)
  2 iguanas
  11 adders
  A white imp (D:6)
  3 worms
  4 dart slugs
  19 orcs
  11 endoplasms
  5 giant cockroaches
  6 goblins
  7 hobgoblins
  5 jackals
  3 quokkas
  12 ball pythons
  2 bats (D:2)
  4 frilled lizards
  8 kobolds
  5 rats
137 creatures vanquished.

Notes
Turn   | Place    | Note
-------+----------+-------------------------------------------
     0 | D:1      | virigoth the Gargoyle Earth Elementalist began the quest
                  | for the Orb.
     0 | D:1      | Reached XP level 1. HP: 10/10 MP: 3/3
    56 | D:1      | Reached skill level 1 in Transmutations
    56 | D:1      | Reached XP level 2. HP: 13/15 MP: 3/5
   332 | D:1      | Found a faded altar of an unknown god.
   400 | D:1      | Reached skill level 4 in Earth Magic
   460 | D:1      | Reached XP level 3. HP: 15/19 MP: 3/6
   561 | D:1      | Found Fixo's Jewellery Shop.
   873 | D:1      | Learned a level 3 spell: Stone Arrow
  1193 | D:2      | Found a shimmering altar of Xom.
  1360 | D:2      | Reached XP level 4. HP: 24/24 MP: 4/8
  2006 | D:3      | Reached skill level 1 in Conjurations
  2124 | D:3      | Reached skill level 5 in Earth Magic
  2163 | D:3      | Reached XP level 5. HP: 28/28 MP: 7/9
  2453 | D:3      | HP: 1/28 [orc priest/divine providence (16)]
  2456 | D:3      | Reached XP level 6. HP: 12/32 MP: 7/11
  2668 | D:3      | Found a stormy altar of Qazlal.
  2669 | D:3      | Found a hide-covered altar of Uskayaw.
  2672 | D:3      | Found an iron altar of Okawaru.
  2717 | D:4      | Noticed Pikel
  2925 | D:4      | Reached skill level 6 in Earth Magic
  2982 | D:5      | Entered Level 5 of the Dungeon
  2987 | D:5      | Found a staircase to the Ecumenical Temple.
  2993 | Temple   | Entered the Ecumenical Temple
  2993 | Temple   | Found a transporter.
  2993 | Temple   | Found a transporter.
  3023 | Temple   | Found a transporter.
  3023 | Temple   | Found a transporter.
  3039 | Temple   | Became a worshipper of Vehumet
  3157 | D:5      | Reached XP level 7. HP: 33/36 MP: 7/13
  3276 | D:4      | Got the Almanac of Permutations and Ignition
  3448 | D:4      | Reached skill level 1 in Maces & Flails
  3448 | D:4      | Reached skill level 7 in Earth Magic
  3557 | D:4      | Killed Pikel
  3558 | D:4      | Reached skill level 1 in Fighting
  3558 | D:4      | Reached skill level 5 in Spellcasting
  3558 | D:4      | Reached skill level 8 in Earth Magic
  3558 | D:4      | Reached XP level 8. HP: 28/44 MP: 0/16
  4554 | D:5      | Reached XP level 9. HP: 48/48 MP: 14/18
  4811 | D:5      | Reached * piety under Vehumet
  4811 | D:5      | Offered knowledge of Shock by Vehumet.
  4812 | D:5      | Reached skill level 1 in Armour
  4851 | D:4      | Reached skill level 1 in Evocations
  5192 | D:6      | Noticed Blork the orc
  5214 | D:6      | Killed Blork the orc
  5215 | D:6      | Reached skill level 9 in Earth Magic
  5264 | D:7      | Noticed Maggie
  5282 | D:7      | Slain by Maggie

Illustrated notes

Levels and vault maps discovered:
D:1:      minmay_arrival_arboretum_small, layout_basic,
          shapermc_ecumenical_altar_totnotflames, serial_shops, shop,
          minmay_tromino_i4
D:2:      layout_loops_cross, basic_altar, grunt_ministairs_15
D:3:      layout_rooms, minitemple, serial_glass, glass_columns_b,
          glass_columns_a, minmay_snake_closets
D:4:      layout_gridville, minivault_26, uniq_pikel
D:5:      layout_rooms, minmay_temple_entry_statues_fountains,
          kennysheep_small_spiral
D:6:      layout_basic, sword_in_stone
D:7:      layout_cave_pools, mainiacjoe_overflow_boulevard,
          makhleb_grotto_becter, serial_glass, glass_columns_b, glass_columns_c,
          uniq_maggie
Temple:   hellmonk_temple_divided_pantheon

Skill      XL: |  1  2  3  4  5  6  7  8  9 |
---------------+----------------------------+-----
Transmutations | 1 |  1.0
Earth Magic    | 4 5 6 8 9 |  9.0
Spellcasting   | 3 4 5 6 |  6.5
Conjurations   | 1 2 3 4 |  4.9
Maces & Flails | 1 2 |  2.1
Fighting       | 1 2 |  2.9
Stealth        | 3 |  3.1
Dodging        | 2 |  2.2
Armour         | 1 |  1.5
Evocations     | 1 |  1.3

Action                   |  1- 3 |  4- 6 |  7- 9 || total
-------------------------+-------+-------+-------++-------
Melee: Dagger            |    44 |     1 |       ||    45
       Punch             |     1 |       |       ||     1
       Club              |       |    84 |    19 ||   103
       Dire flail        |       |       |    35 ||    35
       Whip              |       |       |    17 ||    17
 Cast: Sandblast         |    45 |    85 |    74 ||   204
       Stone Arrow       |       |     2 |    31 ||    33
Evoke: Wand              |       |       |     6 ||     6
  Use: Scroll            |     3 |     4 |     1 ||     8
       Potion            |       |     4 |     3 ||     7
 Stab: Sleeping          |     1 |     2 |     1 ||     4
Armor: Robe              |    17 |    64 |    45 ||   126
Dodge: Dodged            |    28 |    99 |    86 ||   213
